 Dungeon Crawl Stone Soup version 0.27-a0-1147-gb3d8e82157 (webtiles) character file.

Game seed: 15989015361563448465

163 freelancePsychic the Shooter (level 5, -2/42 HPs)
             Began as a Minotaur Hunter on May 11, 2021.
             Slain by Crazy Yiuf
             ... wielding a +2 quarterstaff of chaos
              (16 damage)
             ... on level 2 of the Dungeon.
             The game lasted 00:02:39 (1658 turns).

freelancePsychic the Shooter (Minotaur Hunter)      Turns: 1658, Time: 00:02:39

Health: -2/42      AC:  4    Str: 17    XL:     5   Next: 20%
Magic:  0/4        EV: 12    Int:  8    God:
Gold:   66         SH:  0    Dex: 11    Spells: 4/4 levels left

rFire    . . .     SeeInvis .   b - +0 short sword
rCold    . . .     Faith    .   (no shield)
rNeg     . . .     Spirit   .   c - +0 leather armour
rPois    .         Reflect  .   (helmet restricted)
rElec    .         Harm     .   (no cloak)
rCorr    .         Rampage  .   (no gloves)
Will     .....                  n - +0 pair of boots
Stlth    +.........             (no amulet)
HPRegen  0.14/turn              (no ring)
MPRegen  0.09/turn              (no ring)

@: no status effects
A: horns 2, retaliatory headbutt
a: no special abilities


You were on level 2 of the Dungeon.
You visited 1 branch of the dungeon, and saw 2 of its levels.

You collected 66 gold pieces.

Inventory:

Hand Weapons
 a - a +1 shortbow
 b - a +0 short sword (weapon)
Missiles
 d - 4 arrows
Armour
 c - a +0 leather armour (worn)
 n - a +0 pair of boots (worn)
Jewellery
 l - a ring of wizardry
Wands
 q - a wand of iceblast (4)
Scrolls
 f - a scroll of acquirement {unknown}
 h - 2 scrolls of noise {unknown}
 i - a scroll of holy word {unknown}
 j - a scroll of fear {unknown}
 m - a scroll of vulnerability {unknown}
 o - a scroll of teleportation {unknown}
Potions
 e - a potion of lignification {unknown}
 g - a potion of attraction {unknown}
 k - a potion of might {unknown}
 p - 2 potions of heal wounds {unknown}
 r - a potion of brilliance {unknown}
 s - a potion of flight {unknown}


   Skills:
 - Level 2.4 Fighting
 * Level 6.4 Bows
 + Level 3.8 Dodging
 - Level 0.7 Stealth


You had 4 spell levels left.
You didn't know any spells.
Your spell library was empty.

Dungeon Overview and Level Annotations

Branches:
Dungeon (2/15)

Altars:

Annotations:
D:2 Crazy Yiuf


Innate Abilities, Weirdness & Mutations

You have a pair of horns on your head.
You reflexively headbutt those who attack you in melee.


Message History

The frilled lizard misses you.
You barely miss the frilled lizard.
Your headbutt misses the frilled lizard.
The frilled lizard bites you.
You closely miss the frilled lizard.
Your headbutt misses the frilled lizard.
The frilled lizard bites you but does no damage.
You closely miss the frilled lizard.
The frilled lizard bites you but does no damage.
You barely miss the frilled lizard. The frilled lizard barely misses you.
You hit the frilled lizard.
You kill the frilled lizard!
No target in view!
No target in view!
No target in view!
No target in view!
No target in view!
You see here a quokka corpse.
You see here a frilled lizard skeleton.
Crazy Yiuf shouts!
You open the door. You barely miss Crazy Yiuf. Your headbutt misses Crazy Yiuf.
Crazy Yiuf closely misses you.
You hit Crazy Yiuf. Your headbutt misses Crazy Yiuf.
Crazy Yiuf is lightly wounded.
Crazy Yiuf twirls on the spot.
Crazy Yiuf hits you with a +2 quarterstaff of chaos!
You feel your power leaking away.
You hit Crazy Yiuf. You headbutt Crazy Yiuf!
Crazy Yiuf is heavily wounded.
Crazy Yiuf hits you with a +2 quarterstaff of chaos.
Crazy Yiuf burns you.
You closely miss Crazy Yiuf.
Crazy Yiuf is heavily wounded.
Crazy Yiuf laughs, "Mugger!
Whiteboard illywillydillykilly rumpyflump."
Crazy Yiuf hits you with a +2 quarterstaff of chaos.
You closely miss Crazy Yiuf.
Crazy Yiuf is heavily wounded.
Crazy Yiuf hits you with a +2 quarterstaff of chaos!
You die...

..........###
#....#
#########.#
#....# #.#
♣....♣ #.#
♣♣...♣ #.#
♣♣.♣♣ #.# ♣♣.♣
#.# ♣.♣♣ #.#
♣♣.♣ #.# ♣@♣♣
#.# #g# #.# ...
#.# #...# #.#
#)..# #.# #####
#.#
#.#############
#.............#


You could see Crazy Yiuf.

Vanquished Creatures
  A howler monkey (D:2)
  A centaur zombie (D:2)
  3 adders (D:2)
  2 worms (D:2)
  A dart slug (D:2)
  5 ball pythons
  3 bats (D:1)
  5 endoplasms
  3 giant cockroaches
  4 goblins
  7 hobgoblins
  10 jackals
  A kobold (D:2)
  3 quokkas
  4 frilled lizards
  A rat (D:2)
54 creatures vanquished.

Notes
Turn   | Place    | Note
-------+----------+-------------------------------------------
     0 | D:1      | freelancePsychic the Minotaur Hunter began the quest for
                  | the Orb.
     0 | D:1      | Reached XP level 1. HP: 18/18 MP: 0/0
    39 | D:1      | Reached XP level 2. HP: 20/25 MP: 1/1
   223 | D:1      | Reached skill level 5 in Bows
   312 | D:1      | Reached XP level 3. HP: 30/30 MP: 2/2
   529 | D:1      | You fall into a shaft and drop 1 floor!
   539 | D:2      | Reached XP level 4. HP: 35/37 MP: 3/3
   954 | D:2      | Found a faded altar of an unknown god.
   987 | D:2      | Reached skill level 6 in Bows
   987 | D:2      | Reached XP level 5. HP: 35/42 MP: 4/4
  1246 | D:2      | Found a runed translucent door.
  1247 | D:2      | Noticed Crazy Yiuf
  1658 | D:2      | Slain by Crazy Yiuf

Illustrated notes

Levels and vault maps discovered:
D:1:      tarquinn_simple_flora_water_f, layout_loops_ring,
          minmay_misc_feat_plants
D:2:      layout_basic, basic_ecumenical_altar, minmay_tripent,
          uniq_crazy_yiuf_cottage

Skill      XL: |  1  2  3  4 |
---------------+-------------+-----
Bows           | 5 6 |  6.4
Dodging        | 3 |  3.8
Fighting       | |  2.4
Stealth        | |  0.7

Action                   |  1- 3 |  4- 6 || total
-------------------------+-------+-------++-------
Melee: Short sword       |       |    38 ||    38
       Headbutt          |       |     6 ||     6
 Fire: Shortbow          |    63 |    41 ||   104
Armor: Leather armour    |     9 |    13 ||    22
Dodge: Dodged            |    24 |    19 ||    43

Table legend: (Time is in decaauts)
 A = Elapsed time spent in this place.
 B = Non-inter-level travel time spent in this place.
 C = Inter-level travel time spent in this place.
 D = Time resting spent in this place.
 E = Time spent auto-exploring this place.
 F = Levels seen in this place.
 G = Mean time per level.
                   A        B        C        D        E       F      G
               +--------+--------+--------+--------+--------+-----+--------+
         Total |   1663 |   1663 |      0 |      0 |   1403 |   2 |  831.5 |
       Dungeon |   1663 |   1663 |      0 |      0 |   1403 |   2 |  831.5 |
               +--------+--------+--------+--------+--------+-----+--------+

Top non-repeatable levels by time:
     D:2: 1132 daAuts
     D:1: 531 daAuts
